 Dungeon Crawl Stone Soup version 0.30-b1-2-g02819fbbbe (webtiles) character file.

Game seed: 4152596479240534735

190 HoaS the Skirmisher (level 6, -3/35 HPs)
             Began as a Kobold Hunter on May 6, 2023.
             Killed from afar by an orc wizard (10 damage)
             ... with a puff of flame
             ... on level 3 of the Dungeon.
             The game lasted 00:06:03 (3577 turns).

HoaS the Skirmisher (Kobold Hunter)                 Turns: 3577, Time: 00:06:04

Health: -3/35      AC:  3    Str:  9    XL:     6   Next: 1%
Magic:  6/6        EV: 14    Int: 10    God:
Gold:   158        SH:  0    Dex: 20    Spells: 5/5 levels left

rFire   . . .        (weapon restricted)
rCold   . . .        (no shield)
rNeg    . . .        c - +0 leather armour
rPois   .            (no helmet)
rElec   .            (no cloak)
rCorr   .            (no gloves)
SInv    .            (no boots)
Will    .....        (no amulet)
Stlth   +++          (no ring)
HPRegen 0.25/turn    (no ring)
MPRegen 0.10/turn

%: no passive effects
@: no status effects
A: small, no large weapons, nightstalker 3
a: no special abilities


You were on level 3 of the Dungeon.
You visited 1 branch of the dungeon, and saw 4 of its levels.

You collected 158 gold pieces.

Inventory:

Hand Weapons
 a - a +2 shortbow of electrocution
Armour
 c - a +0 leather armour (worn)
Wands
 e - a wand of acid (7)
Scrolls
 b - 3 scrolls of immolation
 f - 2 scrolls of poison
 g - a scroll of torment {unknown}
Potions
 d - a potion of resistance {unknown}


   Skills:
 - Level 2.1 Fighting
 + Level 8.5 Ranged Weapons
 + Level 1.3 Armour
 - Level 2.4 Dodging
 - Level 1.3 Stealth


You had 5 spell levels left.
You didn't know any spells.
Your spell library contained the following spells:

 Spells                   Type           Power      Damage    Failure   Level
 Ensorcelled Hibernation  Hex/Ice        0%         N/A       61%         2
 Spider Form              Tmut/Pois      0%         N/A       83%         3
 Anguish                  Hex/Necr       0%         N/A       99%         4
 Animate Dead             Necr           0%         N/A       99%         4
 Haunt                    Necr/Summ      0%         N/A       100%        7
 Infestation              Necr           0%         N/A       100%        8


Dungeon Overview and Level Annotations

Branches:
Dungeon (4/15)
 Temple: D:4-7

Altars:
Sif Muna
Vehumet


Innate Abilities, Weirdness & Mutations

You are small and have problems with some larger weapons.
You are completely attuned to the shadows.


Message History

You barely miss the orc wizard.
The orc wizard is almost dead.
The orc wizard hits you but does no damage.
You hit the orc wizard.
The orc wizard is almost dead.
The orc wizard hits you with a +0 dagger.
You hit the orc wizard but do no damage.
The orc wizard is almost dead.
The orc wizard gestures wildly while chanting.
The orc wizard flickers and vanishes!
Deactivating autopickup; reactivate with Ctrl-A.
You barely miss something. Something barely misses you.
You closely miss something.
You hear some strange, mumbled words.
Something tries to affect you, but you resist.
You closely miss something. Something hits you but does no damage.
You closely miss something. Something hits you.
You miss something. Something hits you.
You miss something.
You hear some strange, mumbled words.
Something tries to affect you, but you resist.
You barely miss something.
You hear some strange, mumbled words.
You are confused.
You're too confused to move!
Something hits you.
You bump into the rock wall.
You hear some strange, mumbled words.
A magic dart appears from out of thin air!
The magic dart hits you!
* * * LOW HITPOINT WARNING * * *
You bump into the rock wall.
Something hits you but does no damage.
You bump into the rock wall.
You feel less confused. Something hits you but does no damage.
Something hits you.
* * * LOW HITPOINT WARNING * * *
You hear some strange, mumbled words.
A puff of flame appears from out of thin air!
The puff of flame hits you!
You die...

.###)####.#..##.#.#
.###.# #.#.....#.#
.....# #.#.##..#.#
.##### #.#.#.....#
.########.........#
###.....###.#..##.#
###...<.# #.#>{.#.#
........# #.#.#.#.#
..#.....# #.....@.#
..#.....# ###.....#
....##### ###.###
..#.# #.# ..#.# #.#
..#.# #.#
....######### #.#
............###.#
###########.....#


There were no monsters in sight!

Vanquished Creatures
  7 gnolls
  4 adders
  2 worms
  2 dart slugs
  3 orcs
  6 endoplasms
  2 giant cockroaches
  7 goblins
  2 hobgoblins
  4 jackals (D:2)
  7 quokkas
  5 ball pythons
  8 bats
  4 frilled lizards
  6 kobolds
  4 rats
73 creatures vanquished.

Vanquished Creatures (others)
  9 plants (D:3)
9 creatures vanquished.

Grand Total: 82 creatures vanquished

Notes
Turn   | Place    | Note
-------+----------+-------------------------------------------
     0 | D:1      | HoaS the Kobold Hunter began the quest for the Orb.
     0 | D:1      | Reached XP level 1. HP: 12/12 MP: 1/1
   204 | D:1      | Reached XP level 2. HP: 17/17 MP: 2/2
   245 | D:1      | Found a faded altar of an unknown god.
   276 | D:1      | Reached skill level 6 in Ranged Weapons
   614 | D:1      | Reached XP level 3. HP: 20/21 MP: 3/3
  1093 | D:2      | Reached skill level 7 in Ranged Weapons
  1194 | D:2      | Reached XP level 4. HP: 26/26 MP: 4/4
  1210 | D:2      | Identified the staff of cold "Xuper" {rC+ Will- rCorr
                  | Int+3}
  1571 | D:2      | Found a shimmering blue altar of Sif Muna.
  1960 | D:3      | Found a radiant altar of Vehumet.
  2384 | D:3      | Reached XP level 5. HP: 30/30 MP: 5/5
  2768 | D:3      | Reached skill level 8 in Ranged Weapons
  2768 | D:3      | Reached skill level 1 in Armour
  3485 | D:4      | Reached XP level 6. HP: 30/35 MP: 6/6
  3577 | D:3      | Killed from afar by an orc wizard

Illustrated notes

Levels and vault maps discovered:
D:1:      scummos_arrival_gate, layout_loops_ring,
          chequers_ecumenical_altar_island
D:2:      layout_basic, basic_altar, minivault_23, minmay_misc_feat_columns
D:3:      layout_loops_cross, nicolae_vehumet_radiance, kennysheep_donut,
          chequers_serial_rivers_small_3, serial_bayou_lagoon_a
D:4:      layout_basic, mainiacjoe_overflow_brackets, uniq_blork_the_orc,
          uniq_crazy_yiuf_cottage, uniq_duvessa

Skill      XL: |  1  2  3  4  5 |
---------------+----------------+-----
Ranged Weapons | 6 7 8 |  8.5
Armour         | 1 |  1.3
Fighting       | |  2.1
Dodging        | |  2.4
Stealth        | |  1.3

Action                     |  1- 3 |  4- 6 || total
---------------------------+-------+-------++-------
  Melee: Unarmed           |       |    32 ||    32
         Punch             |       |     1 ||     1
   Fire: Shortbow          |    81 |    90 ||   171
    Use: Scroll            |     5 |     4 ||     9
 Armour: Leather armour    |     5 |    17 ||    22
  Dodge: Dodged            |    20 |    35 ||    55
